 Dungeon Crawl Stone Soup version 0.17-a0-1767-gccbed74 (webtiles) character file.

37 Eldritch the Insei (level 3, -2/23 HPs)
             Began as an Octopode Transmuter on Sept 6, 2015.
             Slain by a hobgoblin
             ... wielding a +0 club
              (4 damage)
             ... on level 1 of the Dungeon.
             The game lasted 00:03:31 (1208 turns).

Eldritch the Insei (Octopode Transmuter)            Turns: 1208, Time: 00:03:32

Health: -2/23      AC:  1    Str: 10    XL:     3   Next: 41%
Magic:  5/6        EV: 12    Int: 15    God:
Gold:   41         SH:  0    Dex: 12    Spells: 2 memorised, 3 levels left

rFire  . . .     SeeInvis .       - Unarmed
rCold  . . .     Clarity  .     (no shield)
rNeg   . . .     SustAt   .     (helmet restricted)
rPois  .         Gourm    .     (no amulet)
rElec  .         Spirit   .     (no ring)
rCorr  .         Warding  .     (no ring)
rMut   .         Stasis   .     (no ring)
MR     .....                    (no ring)
Stlth  ++........               (no ring)
                                (no ring)
                                (no ring)
                                (no ring)

@: appendage, not resistant to hostile enchantments, unstealthy
A: almost no armour, amphibious, 8 rings, constrict 8, tentacle spike 3,
camouflage 1, gelatinous body 1
a: End Transformation


You were on level 1 of the Dungeon.
You were not hungry.
One of your tentacles had a temporary spike.
You visited 1 branch of the dungeon, and saw 1 of its levels.

You collected 41 gold pieces.

Inventory:

Missiles
 a - 10 arrows
Scrolls
 g - a scroll of enchant armour {unknown}
 i - a scroll of teleportation {unknown}
 m - a scroll of amnesia {unknown}
Potions
 e - a potion of curing {unknown}
 h - a potion of brilliance {unknown}
 k - a potion of flight {unknown}
Books
 b - a book of Changes

   Spells                             Type                      Level
   a - Beastly Appendage              Transmutation                1
   b - Sticks to Snakes               Transmutation                2
   c - Spider Form                    Transmutation/Poison         3
   d - Ice Form                       Ice/Transmutation            4
   e - Blade Hands                    Transmutation                5
Comestibles
 d - 2 beef jerkies
 f - a slice of pizza
 j - a royal jelly
 l - a meat ration


   Skills:
 + Level 1.2 Fighting
 + Level 2.3 Dodging
 + Level 0.4 Stealth
 + Level 3.5 Unarmed Combat
 + Level 2.4 Spellcasting
 + Level 2.2 Transmutations


You had 3 spell levels left.
You knew the following spells:

 Your Spells              Type           Power        Failure   Level  Hunger
a - Beastly Appendage     Trmt           #.....       12%         1    #......
b - Sticks to Snakes      Trmt           #.........   14%         2    ###....


Dungeon Overview and Level Annotations

Branches:
Dungeon (1/15)

Altars:


Innate Abilities, Weirdness & Mutations

You cannot wear most types of armour.
You are amphibious.
You can wear up to eight rings at the same time.
You can use your tentacles to constrict eight enemies at once.
Your skin changes colour to match your surroundings (Stealth).
Your rubbery body absorbs attacks (AC +1).
One of your tentacles bears a large vicious spike.


Message History

Casting: Beastly Appendage
Confirm with . or Enter, or press ? or * to list all spells.
You don't know that spell.
Casting: Beastly Appendage
Confirm with . or Enter, or press ? or * to list all spells.
You don't know that spell.
Read which item? (? for menu, Esc to quit)
This spell is slightly dangerous to cast.
Memorise Spider Form, consuming 3 spell levels and leaving 0?
The hobgoblin hits you with a club.
Your memorisation is interrupted.
* * * LOW HITPOINT WARNING * * *
Casting: Beastly Appendage
Confirm with . or Enter, or press ? or * to list all spells.
You don't know that spell.
You see here 25 stones.
Casting: Beastly Appendage
Confirm with . or Enter, or press ? or * to list all spells.
You don't know that spell.
The hobgoblin hits you with a club.
You die...

#.................###........
##.###############.##.........
#..#.....=Js.....#.##.#.....(.
###..#.....JJ.h....#............
##....#....hwhJh....#.#.###...)..
#.....#######h#######...# #......
#.....#.......J(....#.#####......
#.....'⌠....###g...⌠'............
#.....#......<..@...#.....#.#...#
#.....#..⌠...>...⌠..#.###...#...#
#.....###'#######'###.# ##......#
##..................).# #.#....#
####.######.####.#.### #.......
#.# #..[# #....# ###..... #.#
#.#####..##########....# #.# #.#
#.................# #.# #.#
#.....##########...


You could see a worm, 5 oozes, 5 jackals, a giant cockroach and a hobgoblin.

Vanquished Creatures
  2 oozes (D:1)
  3 giant geckos (D:1)
  2 giant cockroaches (D:1)
  3 goblins (D:1)
  A jackal (D:1)
  6 kobolds (D:1)
  4 bats (D:1)
  A giant newt (D:1)
  5 rats (D:1)
27 creatures vanquished.

Vanquished Creatures (collateral kills)
  A hobgoblin (D:1)
1 creature vanquished.

Grand Total: 28 creatures vanquished

Notes
Turn   | Place    | Note
--------------------------------------------------------------
     0 | D:1      | Eldritch the Octopode Transmuter began the quest for the Orb.
     0 | D:1      | Reached XP level 1. HP: 13/13 MP: 3/3
     1 | D:1      | Found a runed door.
    64 | D:1      | Reached XP level 2. HP: 5/18 MP: 1/5
   181 | D:1      | Learned a level 2 spell: Sticks to Snakes
  1185 | D:1      | Reached XP level 3. HP: 23/23 MP: 4/6
  1208 | D:1      | Slain by a hobgoblin

Vault maps used:
D:1:      dpeg_arrival_caged_fury

Action                   || total
-------------------------++-------
Melee: Unarmed           ||    65
 Cast: Beastly Appendage ||     7
       Sticks to Snakes  ||     2
 Stab: Sleeping          ||     2
  Eat: Bread ration      ||     1
